 Dungeon Crawl Stone Soup version 0.29-a0-251-g80730f7218 (webtiles) character file.

Game seed: 355925882115572280

91112 Tycho the Geomancer (level 16, -20/97 HPs)
             Began as a Gargoyle Earth Elementalist on Feb 27, 2022.
             Was a High Priest of Vehumet.
             Demolished by a jumping spider simulacrum (31 damage)
             ... on level 1 of the Spider Nest on Mar 5, 2022.
             The game lasted 02:50:56 (38057 turns).

Tycho the Geomancer (Gargoyle Earth Elementalist)  Turns: 38057, Time: 02:50:56

Health: -20/97     AC: 21    Str: 14    XL:     16   Next: 2%
Magic:  19/38      EV: 12    Int: 24    God:    Vehumet [*****.]
Gold:   2445       SH:  4    Dex:  6    Spells: 15/34 levels left

rFire   + . .      SeeInvis +   g - staff of earth
rCold   x . .      Faith    .   X - +0 buckler
rNeg    + + .      Spirit   .   B - +2 robe {Archmagi}
rPois   ∞          Reflect  .   e - +1 hat "Iveemiur" {rN+ Str+2 Dex-4 SInv}
rElec   +          Harm     .   u - +0 cloak {Will+}
rCorr   .          Rampage  .   T - +0 pair of gloves
Will    ++...      Archmagi +   s - +0 pair of boots
Stlth   +.........              Y - amulet of magic regeneration
HPRegen 0.26/turn               h - ring of magical power
MPRegen 0.66/turn               b - ring of fire

@: flying
A: sickness immunity, AC +12, big wings, negative energy resistance 1,
electricity resistance, torment resistance 1, petrification resistance
a: Renounce Religion


You were on level 1 of the Spider Nest.
You worshipped Vehumet.
Vehumet was extremely pleased with you.
You visited 5 branches of the dungeon, and saw 23 of its levels.
You also visited: Bailey and Gauntlet.

You collected 3000 gold pieces.
You spent 555 gold pieces at shops.

Inventory:

Hand Weapons
 v - a +2 quarterstaff of speed
 I - a +1 vorpal flail
Missiles
 a - 417 stones
 O - 6 throwing nets
Armour
 e - the +1 hat "Iveemiur" (worn) {rN+ Str+2 Dex-4 SInv}
   (You found it in a bailey)

   Str:       It affects your strength (+2).
   Dex:       It affects your dexterity (-4).
   rN:        It protects you from negative energy.
   SInv:      It lets you see invisible.
 s - a +0 pair of boots (worn)
 u - a +0 cloak of willpower (worn)
 B - a +2 robe of the Archmagi (worn)
 F - a +1 leather armour of fire resistance
 K - a +1 robe of cold resistance
 T - a +0 pair of gloves (worn)
 X - a +0 buckler (worn)
Magical Staves
 g - a staff of earth (weapon)
Jewellery
 b - a ring of fire (right hand)
 f - a ring of willpower
 h - a ring of magical power (left hand)
 w - the ring of Eternity {rElec rCorr EV+4}
   (You found it in a Gauntlet)

   [ring of evasion]

   EV:        It affects your evasion (+4).
   rElec:     It insulates you from electricity.
   rCorr:     It protects you from acid and corrosion.
 y - a +6 ring of intelligence
 P - a ring of protection from cold
 Y - an amulet of magic regeneration (around neck)
Wands
 c - a wand of iceblast (7)
 m - a wand of paralysis (26)
 p - a wand of acid (12)
 q - a wand of flame (26)
 z - a wand of digging (5)
 L - a wand of polymorph (13)
Scrolls
 j - 6 scrolls of teleportation {@r4}
 l - a scroll of immolation {!r}
 t - 5 scrolls of enchant weapon
 x - a scroll of amnesia
 A - 4 scrolls of magic mapping
 D - 2 scrolls of holy word
 E - 5 scrolls of identify {@r9}
 J - a scroll of fear
 M - 6 scrolls of fog
 R - a scroll of blinking
Potions
 d - 2 potions of invisibility
 i - a potion of curing {@q1}
 k - 2 potions of might
 o - 2 potions of haste {@q3}
 r - a potion of cancellation
 C - a potion of magic
 G - a potion of heal wounds {@q2}
 H - 2 potions of berserk rage
 N - 3 potions of resistance
 S - 2 potions of brilliance
Miscellaneous
 W - a tin of tremorstones (2/2)
 Z - a phial of floods


   Skills:
 + Level 10.2 Fighting
 + Level 9.3(10.1) Maces & Flails
 + Level 5.9(8.4) Staves
 - Level 6.0 Armour
 + Level 8.1 Dodging
 - Level 2.1 Stealth
 - Level 4.0 Shields
 + Level 9.8 Spellcasting
 + Level 11.0 Conjurations
 - Level 0.7 Transmutations
 + Level 9.2 Fire Magic
 + Level 12.7 Earth Magic
 + Level 8.6 Evocations


You had 15 spell levels left.
You knew the following spells:

 Your Spells              Type           Power      Damage    Failure   Level
a - Stone Arrow           Conj/Erth      100%       3d13      1%          3
b - Sandblast             Erth           100%       2d20      1%          1
c - Sticky Flame          Conj/Fire      94%        2d10      1%          4
d - Fireball              Conj/Fire      47%        3d19      1%          5
e - Iron Shot             Conj/Erth      50%        9d10      2%          6

Your spell library contained the following spells:

 Spells                   Type           Power      Damage    Failure   Level
 Iskenderun's Battlesphe  Conj           77%        2d13      1%          5
 Foxfire                  Conj/Fire      100%       2x1d9     1%          1
 Freeze                   Ice            68%        1d8       1%          1
 Passwall                 Tmut/Erth      65%        N/A       1%          2
 Scorch                   Fire           100%       2d10      1%          2
 Searing Ray              Conj           100%       2d8       1%          2
 Static Discharge         Conj/Air       55%        N/A       1%          2
 Conjure Flame            Conj/Fire      94%        6-21      1%          3
 Dazzling Flash           Conj/Hex       100%       N/A       1%          3
 Ignite Poison            Fire/Tmut/Pois 58%        N/A       1%          3
 Inner Flame              Hex/Fire       66%        N/A       1%          3
 Mephitic Cloud           Conj/Pois/Air  44%        N/A       1%          3
 Flame Wave               Conj/Fire      94%        2d16      1%          4
 Hailstorm                Conj/Ice       55%        3d12      1%          4
 Iskenderun's Mystic Bla  Conj/Tloc      55%        2d12      1%          4
 Petrify                  Tmut/Erth      78%        N/A       4%          4
 Starburst                Conj/Fire      47%        6d13      4%          6
 Frozen Ramparts          Ice            34%        1d5       5%          3
 Sting                    Tmut/Pois      80%        1d7       6%          1
 Apportation              Tloc           34%        N/A       7%          1
 Pain                     Necr           68%        1d7       7%          1
 Summon Small Mammal      Summ           68%        N/A       7%          1
 Wereblood                Tmut           22%        N/A       8%          2
 Blink                    Tloc           34%        N/A       11%         2
 Corpse Rot               Necr/Air       34%        N/A       11%         2
 Freezing Cloud           Conj/Ice/Air   22%        6-21      11%         5
 Airstrike                Air            8%         N/A       17%         4
 Call Canine Familiar     Summ           17%        N/A       21%         3
 Lesser Beckoning         Tloc           17%        N/A       21%         3
 Summon Guardian Golem    Hex/Summ       17%        N/A       21%         3
 Tukima's Dance           Hex            17%        N/A       21%         3
 Anguish                  Hex/Necr       8%         N/A       56%         4
 Dispel Undead            Necr           17%        3d10      56%         4
 Alistair's Intoxication  Tmut/Pois      13%        N/A       86%         5
 Agony                    Necr           17%        N/A       88%         5
 Excruciating Wounds      Necr           8%         N/A       88%         5
 Manifold Assault         Tloc           17%        N/A       88%         5
 Silence                  Hex/Air        8%         N/A       88%         5
 Ignition                 Fire           45%        3d13      91%         8
 Death Channel            Necr           8%         N/A       100%        6
 Enfeeble                 Hex            8%         N/A       100%        7


Dungeon Overview and Level Annotations

Branches:
Dungeon (13/15)            Temple (1/1) D:7            Lair (6/6) D:11
 Shoals (0/4) Lair:3       Spider (1/4) Lair:3        Slime (0/5) Lair:6
    Orc (2/2) D:10            Elf (0/3) Orc:2        Vaults (0/5) D:13
 Bailey (visited)         Gauntlet (visited)

Altars:
Ashenzari
Cheibriados
Dithmenos
Elyvilon
Fedhas
Gozag
Hepliaklqana
Kikubaaqudgha
Makhleb
Nemelex Xobeh
Okawaru
Qazlal
Ru
Sif Muna
Trog
Uskayaw
Vehumet
Wu Jian
Xom
Yredelemnul
Zin
The Shining One
Beogh
Jiyva

Shops:
D:2 !   D:8 (   D:9 =   D:10 :   Orc:1 =*   Orc:2 *[*?:

Annotations:
Lair:6 exclusion: oklob plant
Spider:1 1 runed translucent door, Ociafasm's ghost, adept DDFi
Orc:1 3 runed translucent doors, exclusion: obsidian statue, Izyifudo's ghost, journeyman DgAE


Innate Abilities, Weirdness & Mutations

You are immune to sickness and miasma.
Your stone body is resilient. (AC +12)
You are immune to poison.
Your large and strong wings let you fly.
You resist negative energy. (rN+)
You are resistant to electric shocks. (rElec)
You are resistant to unholy torment.
You are immune to petrification.


Message History

You feel a strong surge of power!
The sticky flame hits the jumping spider!
You kill the jumping spider!
Vehumet accepts your kill.
You feel your power returning.
A freezing mist starts to gather...
A jumping spider simulacrum comes into view.
The redback misses you.
Casting: Sticky Flame (safe; 1% risk of failure)
Confirm with . or Enter, or press ? or * to list all spells.
Aiming: Sticky Flame (safe; 1% risk of failure)
Press: ? - help, Shift-Dir - straight line, f - redback
Aim: a redback (soul bound, 100% to hit)
You feel a strong surge of power!
The sticky flame hits the redback!
The redback is moderately wounded.
The redback is covered in liquid flames!
The redback burns!
The redback closely misses you. The redback bites you!
Casting: Sticky Flame (safe; 1% risk of failure)
Confirm with . or Enter, or press ? or * to list all spells.
You feel a strong surge of power!
The stone arrow hits the redback!!
You kill the redback!
Vehumet accepts your kill.
You feel your power returning.
A freezing mist starts to gather...
A redback simulacrum comes into view.
A demonic crawler comes into view.
Casting: Stone Arrow (safe; 1% risk of failure)
Confirm with . or Enter, or press ? or * to list all spells.
You feel a strong surge of power!
The stone arrow hits the jumping spider simulacrum!!
The jumping spider simulacrum is almost destroyed.
The jumping spider simulacrum pounces on you.
The jumping spider simulacrum freezes you!!
You feel a terrible chill!
* * * LOW HITPOINT WARNING * * *
The jumping spider simulacrum barely misses you.
The redback simulacrum closely misses you.
The demonic crawler shrieks in warning!
The jumping spider simulacrum pounces on you.
* * * LOW HITPOINT WARNING * * *
The jumping spider simulacrum freezes you!!
You feel a terrible chill!
You die... █•••••••██ █••••••••█ █••••••███ █████•••••██•███ █••••••█•••••█•██ █••••••███^••█••█ ██ █•)••█^█•█•••█••███•██ ██^•••••█••••█•••█••••█ ██••••Z@•█†•█•••█••••••• ██••••••Z•••██••••••••███ ██•••••••••••••••█•••••••█ █••••••••••†$•••s••••••••██ •••^••••••†••†••••••••••••█•••<•█ •███••█••••••█••••••███•••███████ █••█••█•••█••••••••••█••• •••••••█•••••••██████••••>• •••)•█••█••█••••█W ••••••••█

You could see a demonic crawler, a jumping spider simulacrum and a redback simulacrum.

Vanquished Creatures
  The ghost of Ordine the Thaumaturge, a journeyman DECj of Vehumet (Lair:6)
  Nessos (D:12)
  2 dire elephants (Lair:5)
  A minotaur (Gauntlet)
  The ghost of Una Erem the Carver, a journeyman OpTm of Ru (Lair:5)
  A yaktaur captain (D:13)
  Harold (D:10)
  Fannar (D:12)
  An ice dragon (Lair:6)
  2 boulder beetles
  8 hydras
  A death knight (D:12)
  2 catoblepae
  4 two-headed ogres
  A centaur warrior (D:13)
  Erica (Orc:1)
  5 death yaks (Lair:6)
  The ghost of PigKeeper the Martial Artist, a novice TeTm of Dithmenos (D:8)
  A fire crab (Gauntlet)
  A pharaoh ant (Spider:1)
  3 lindwurms (Lair:6)
  2 glowing orange brains (Gauntlet)
  A steelbarb worm (Spider:1)
  3 orc knights
  A deep elf pyromancer (D:9)
  4 wolf spiders (Spider:1)
  10 orc sorcerers
  6 ugly things
  4 elephants (Lair:6)
  2 merfolk sirens (Lair:3)
  6 black mambas
  An apocalypse crab (Gauntlet)
  A molten gargoyle (Gauntlet)
  6 torpor snails
  2 unseen horrors
  A gargoyle (Gauntlet)
  10 cane toads
  2 rime drakes (Lair:4)
  9 komodo dragons
  2 yaktaurs (D:13)
  Maggie (D:8)
  A freezing wraith (D:12)
  2 merfolk (Lair:3)
  6 trolls
  13 polar bears
  10 hornets
  4 tarantellas (Spider:1)
  4 blink frogs (Lair:5)
  4 raiju (Lair:6)
  3 tyrant leeches (Lair:6)
  4 dream sheep (Lair:6)
  3 jumping spiders (Spider:1)
  2 spriggans (Lair:5)
  71 yaks
  6 wyverns
  2 shadows
  3 wraiths (D:12)
  6 basilisks
  2 fire bats (Gauntlet)
  Eustachio (D:4)
  Grum (Bailey)
  A steam dragon (D:6)
  9 vampire mosquitoes (D:12)
  6 redbacks (Spider:1)
  15 wargs
  Duvessa (D:7)
  11 hell hounds
  11 water moccasins
  10 orc warriors
  3 sky beasts (D:6)
  17 black bears
  29 wolves
  15 ogres
  A boggart (Lair:5)
  3 centaurs
  2 phantoms
  12 gnoll sergeants
  14 bullfrogs
  7 kobold brigands
  Blork the orc (D:5)
  A scorpion (D:6)
  3 necrophages (D:6)
  A wight (D:6)
  Dowan (D:7)
  5 howler monkeys
  4 electric eels
  15 orc priests
  9 hounds
  2 jellies
  7 gnoll shamans
  9 iguanas
  38 orc wizards
  42 gnolls
  8 adders
  2 ufetubi (D:7)
  A worm (D:2)
  A dart slug (D:1)
  79 orcs
  9 ball pythons
  A bat (D:1)
  An endoplasm (D:1)
  3 giant cockroaches
  5 hobgoblins
  3 jackals (D:2)
  6 quokkas
  A frilled lizard (D:1)
  3 goblins
  23 kobolds
  7 rats
720 creatures vanquished.

Vanquished Creatures (others)
  A molten gargoyle (Gauntlet)
  58 fungi
  115 plants
  4 toadstools (Lair:5)
  2 withered plants (Lair:6)
180 creatures vanquished.

Grand Total: 900 creatures vanquished

Notes
Turn   | Place    | Note
-------+----------+-------------------------------------------
     0 | D:1      | Tycho the Gargoyle Earth Elementalist began the quest for
                  | the Orb.
     0 | D:1      | Reached XP level 1. HP: 10/10 MP: 3/3
     0 | D:1      | Upgraded the game from 0.29-a0-222-g5b244fca1f to
                  | 0.29-a0-231-g945431f764
     0 | D:1      | Upgraded the game from 0.29-a0-231-g945431f764 to
                  | 0.29-a0-251-g80730f7218
   534 | D:1      | Reached skill level 4 in Earth Magic
   534 | D:1      | Reached XP level 2. HP: 14/15 MP: 5/5
  1253 | D:2      | Found a faded altar of an unknown god.
  1576 | D:2      | Reached XP level 3. HP: 9/19 MP: 4/7
  1580 | D:2      | Learned a level 3 spell: Stone Arrow
  2212 | D:2      | Found Etuviagrit's Distillery.
  2222 | D:2      | Bought a potion of degeneration for 13 gold pieces
  2568 | D:2      | Reached skill level 1 in Conjurations
  2877 | D:3      | Reached XP level 4. HP: 20/24 MP: 8/8
  3061 | D:3      | Learned a level 4 spell: Sticky Flame
  3554 | D:4      | Reached skill level 5 in Earth Magic
  3554 | D:4      | Reached XP level 5. HP: 16/28 MP: 4/9
  4235 | D:4      | Noticed a phantom
  4250 | D:4      | Killed a phantom
  4251 | D:4      | Reached XP level 6. HP: 30/32 MP: 4/11
  4517 | D:4      | Reached skill level 6 in Earth Magic
  4670 | D:4      | Reached XP level 7. HP: 12/36 MP: 4/13
  5018 | D:4      | Noticed Eustachio
  5091 | D:4      | Found a hazy altar of Hepliaklqana.
  5091 | D:4      | Found a burning altar of Makhleb.
  5106 | D:4      | Found a faded altar of an unknown god.
  5262 | D:4      | Found a stormy altar of Qazlal.
  5263 | D:4      | Found a sparkling altar of Nemelex Xobeh.
  5377 | D:5      | Entered Level 5 of the Dungeon
  5492 | D:5      | Noticed Blork the orc
  5501 | D:5      | Killed Blork the orc
  5760 | D:5      | Reached skill level 1 in Fighting
  5760 | D:5      | Reached skill level 1 in Armour
  5823 | D:5      | Reached skill level 1 in Maces & Flails
  5827 | D:5      | Reached skill level 1 in Evocations
  6320 | D:5      | Reached XP level 8. HP: 37/43 MP: 14/14
  6822 | D:6      | Reached skill level 1 in Shields
  6822 | D:6      | Reached skill level 1 in Fire Magic
  6938 | D:6      | Reached skill level 7 in Earth Magic
  7040 | D:6      | Reached skill level 5 in Spellcasting
  7059 | D:6      | Reached XP level 9. HP: 30/49 MP: 10/16
  7183 | D:6      | Identified the +4 battleaxe of Blind Justice {flame, rPois}
  7189 | D:6      | Noticed a five-headed hydra
  7190 | D:6      | Reached skill level 5 in Conjurations
  7283 | D:6      | Killed a five-headed hydra
  7577 | D:6      | HP: 1/51 [iguana (8)]
  8373 | D:6      | Reached XP level 10. HP: 30/56 MP: 8/18
  8842 | D:4      | Killed Eustachio
  9081 | D:7      | Found a radiant altar of Vehumet.
  9095 | D:7      | Became a worshipper of Vehumet
  9264 | D:7      | Found a staircase to the Ecumenical Temple.
  9264 | D:7      | Found a hide-covered altar of Uskayaw.
  9287 | Temple   | Entered the Ecumenical Temple
  9447 | D:7      | Reached skill level 8 in Earth Magic
  9511 | D:7      | Noticed a green ugly thing
  9515 | D:7      | Killed a green ugly thing
  9593 | D:7      | Noticed a red ugly thing
  9598 | D:7      | Killed a red ugly thing
  9798 | D:7      | Noticed Dowan
  9809 | D:7      | Killed Dowan
  9819 | D:7      | Noticed Duvessa
  9832 | D:7      | Killed Duvessa
 10116 | D:7      | Found a shimmering blue altar of Sif Muna.
 10123 | D:7      | Got Sif Muna's Compendium of Confrontation
 10128 | D:7      | Found a bloodstained altar of Trog.
 10334 | D:7      | Found a white marble altar of Elyvilon.
 10894 | D:8      | Noticed a two-headed ogre
 10899 | D:8      | Killed a two-headed ogre
 11028 | D:8      | Noticed a white ugly thing
 11035 | D:8      | Killed a white ugly thing
 11134 | D:8      | Found a large runed translucent door.
 11135 | D:8      | Found a large runed translucent door.
 11156 | D:8      | Noticed PigKeeper's ghost (novice TeTm)
 11392 | D:8      | Found Xisien's Weapon Shop.
 11403 | D:8      | Bought 18 stones for 27 gold pieces
 11418 | D:8      | Noticed Maggie
 11424 | D:8      | Killed Maggie
 11425 | D:8      | Reached skill level 5 in Fighting
 11556 | D:8      | Reached XP level 11. HP: 59/63 MP: 20/20
 12193 | D:8      | Killed PigKeeper's ghost
 12194 | D:8      | Reached skill level 5 in Armour
 12414 | D:9      | Noticed a deep elf pyromancer
 12428 | D:9      | Killed a deep elf pyromancer
 12485 | D:9      | Found an iron altar of Okawaru.
 12531 | D:9      | Reached * piety under Vehumet
 12531 | D:9      | Offered knowledge of Magic Dart by Vehumet.
 12597 | D:9      | Found a flagged portal.
 12606 | Bailey   | Entered a bailey
 13434 | Bailey   | Noticed Grum
 13932 | Bailey   | Reached ** piety under Vehumet
 13972 | Bailey   | Killed Grum
 13972 | Bailey   | Offered knowledge of Poisonous Vapours by Vehumet.
 14260 | Bailey   | Identified the +1 hat "Iveemiur" {rN+ Str+2 Dex-4 SInv}
 14512 | D:9      | Found Raij's Jewellery Shoppe.
 14891 | D:9      | Noticed a two-headed ogre
 14897 | D:9      | Killed a two-headed ogre
 14898 | D:9      | Reached skill level 5 in Maces & Flails
 14898 | D:9      | Reached skill level 9 in Earth Magic
 15100 | D:10     | Entered Level 10 of the Dungeon
 15481 | D:10     | Found Amiem's Book Emporium.
 15672 | D:10     | Identified the +6 chain mail "Ejeirch" {rF++ rN++ Int-2}
 15701 | D:10     | Noticed Harold
 15708 | D:10     | Killed Harold
 15946 | D:10     | Noticed a two-headed ogre
 15952 | D:10     | Killed a two-headed ogre
 15953 | D:10     | Reached skill level 5 in Fire Magic
 16073 | D:10     | Found a staircase to the Orcish Mines.
 16082 | D:10     | Reached skill level 5 in Evocations
 16354 | D:10     | Offered knowledge of Scorch by Vehumet.
 16358 | D:10     | Learned a level 2 spell: Scorch
 16495 | D:10     | Reached skill level 5 in Dodging
 17036 | D:11     | Reached XP level 12. HP: 70/70 MP: 21/22
 17081 | D:10     | Reached *** piety under Vehumet
 17669 | D:11     | Noticed a two-headed ogre
 17677 | D:11     | Killed a two-headed ogre
 17766 | D:11     | Found a staircase to the Lair.
 17851 | Lair:1   | Entered Level 1 of the Lair of Beasts
 17851 | Lair:1   | Noticed a five-headed hydra
 17852 | Lair:1   | Noticed a seven-headed hydra
 17872 | D:11     | Killed a seven-headed hydra
 17898 | D:11     | Killed a five-headed hydra
 18443 | Lair:1   | Identified the +1 chain mail "Nishidu" {-Tele rElec Will+++
                  | Int+3}
 18600 | Lair:1   | Reached skill level 10 in Earth Magic
 18616 | Lair:1   | Offered knowledge of Fulminant Prism by Vehumet.
 18635 | Lair:1   | Learned a level 5 spell: Fireball
 20375 | Lair:3   | You fall into a shaft and drop 3 floors!
 20375 | Lair:6   | Entered Level 6 of the Lair of Beasts
 20391 | Lair:6   | Reached **** piety under Vehumet
 20404 | Lair:6   | Reached XP level 13. HP: 37/76 MP: 2/24
 20444 | Lair:6   | Found a runed translucent door.
 20657 | Lair:6   | Noticed an ice dragon
 21044 | Lair:6   | Found a runed translucent door.
 21044 | Lair:6   | Noticed Ordine's ghost (journeyman DECj)
 21092 | Lair:2   | Offered knowledge of Lee's Rapid Deconstruction by Vehumet.
 21747 | Lair:3   | Found a staircase to the Shoals.
 21820 | Lair:3   | Found a hole to the Spider Nest.
 23488 | Lair:4   | Reached skill level 1 in Staves
 24863 | Lair:5   | Reached skill level 11 in Earth Magic
 24929 | Lair:5   | Found a runed translucent door.
 24932 | Lair:5   | Noticed Una Erem's ghost (journeyman OpTm)
 25057 | Lair:5   | Identified the +4 spear of Trauma {drain, rElec rC+ rCorr
                  | Stlth+}
 25099 | Lair:5   | Noticed a dire elephant
 25099 | Lair:5   | Noticed a dire elephant
 25121 | Lair:5   | Found a runed translucent door.
 25660 | Lair:5   | Identified the +7 scimitar of Tenacity {protect, Drain
                  | rF+++ Dex+2 Stlth+}
 26240 | Lair:4   | Gained mutation: Your large and strong wings let you fly.
                  | [Gargoyle growth]
 26240 | Lair:4   | Reached XP level 14. HP: 84/84 MP: 26/26
 26433 | Lair:5   | Killed Una Erem's ghost
 26725 | Lair:5   | Killed a dire elephant
 26725 | Lair:5   | Reached ***** piety under Vehumet
 26725 | Lair:5   | Offered knowledge of Irradiate by Vehumet.
 26969 | Lair:5   | Killed a dire elephant
 28205 | Lair:6   | Found a staircase to the Slime Pits.
 28205 | Lair:6   | Found a viscous altar of Jiyva.
 29433 | Lair:6   | Reached skill level 10 in Conjurations
 29585 | Lair:6   | Offered knowledge of Conjure Ball Lightning by Vehumet.
 30412 | Lair:6   | Reached skill level 12 in Earth Magic
 30412 | Lair:6   | Reached XP level 15. HP: 48/90 MP: 22/28
 30574 | Lair:6   | HP: 1/90 [ice dragon/blast of cold (41)]
 30844 | Lair:6   | Killed Ordine's ghost
 31649 | Orc:1    | Entered Level 1 of the Orcish Mines
 32019 | Orc:1    | Found a runed translucent gate.
 32019 | Orc:1    | Found a runed translucent gate.
 32019 | Orc:1    | Found a runed translucent gate.
 32021 | Orc:1    | Found an opulent altar of Gozag.
 32024 | Orc:1    | Noticed Izyifudo's ghost (journeyman DgAE)
 32028 | Orc:1    | Found Zossyk's Jewellery Boutique.
 32126 | Orc:1    | Noticed Erica
 32133 | Orc:1    | Killed Erica
 32497 | Orc:1    | Found Ecvap's Assorted Antiques.
 32597 | Orc:2    | Entered Level 2 of the Orcish Mines
 32825 | Orc:2    | Offered knowledge of Iron Shot by Vehumet.
 32833 | Orc:2    | Learned a level 6 spell: Iron Shot
 33211 | Orc:2    | Reached skill level 5 in Staves
 33347 | Orc:2    | Found Ceilohyj's Antique Armour Emporium.
 33347 | Orc:2    | Found Hiz Qehu's General Store.
 33561 | Orc:2    | Found Wuduinn's Magic Scroll Emporium.
 33561 | Orc:2    | Found Orautar's Book Shop.
 33586 | Orc:2    | Bought a scroll of brand weapon for 320 gold pieces
 33765 | Orc:2    | Bought a +0 cloak of stealth for 195 gold pieces
 33949 | Orc:2    | Found Jymumipu's General Store.
 33953 | Orc:2    | Found a staircase to the Elven Halls.
 34689 | D:12     | Noticed Nessos
 34696 | D:12     | Killed Nessos
 35083 | D:12     | Noticed Fannar
 35092 | D:12     | Killed Fannar
 35092 | D:12     | Offered knowledge of Iskenderun's Battlesphere by Vehumet.
 35721 | D:12     | You are sucked into a shaft and drop 1 floor!
 35793 | D:13     | Found a gate leading to a gauntlet.
 35801 | D:13     | Found a gate to the Vaults.
 36105 | Gauntlet | Entered a Gauntlet
 36105 | Gauntlet | Found a transporter.
 36230 | Gauntlet | Found a transporter.
 36233 | Gauntlet | Found a transporter.
 36234 | Gauntlet | Found a transporter.
 36245 | Gauntlet | Found a transporter.
 36245 | Gauntlet | Found a transporter.
 36246 | Gauntlet | Found a transporter.
 36257 | Gauntlet | Found a transporter.
 36258 | Gauntlet | Found a transporter.
 36262 | Gauntlet | Found a transporter.
 36267 | Gauntlet | Found a transporter.
 36269 | Gauntlet | Found a transporter.
 36270 | Gauntlet | Found a transporter.
 36278 | Gauntlet | Found a transporter.
 36481 | Gauntlet | Identified the ring of Eternity {rElec rCorr EV+4}
 36823 | Gauntlet | Reached skill level 10 in Fighting
 37071 | Gauntlet | Identified the -6 pair of gloves of the Falcon {rPois}
 37268 | Gauntlet | Identified the +4 battleaxe "Goblinbane" {elec, *Corrode
                  | Str+5 Int+2}
 37268 | Gauntlet | Identified the +1 plate armour of the Freezing Gods {rN+
                  | Will+ Int+8 Dex-4}
 37287 | Gauntlet | Identified the -3 kite shield of Gyuxt {rC+ SInv}
 37290 | Gauntlet | Got the Reference Book on the Shifting Birds
 37548 | Spider:1 | Entered Level 1 of the Spider Nest
 38034 | Spider:1 | Noticed Ociafasm's ghost (adept DDFi)
 38035 | Spider:1 | Found a runed translucent door.
 38049 | Spider:1 | Reached XP level 16. HP: 89/97 MP: 29/29
 38057 | Spider:1 | Demolished by a jumping spider simulacrum

Illustrated notes

Levels and vault maps discovered:
D:1:      onia_arrival_mini_maze_b, layout_loops_corners
D:2:      layout_basic, nicolae_ecumenical_oubliette, serial_shops,
          nicolae_lakefront_shop
D:3:      layout_loops_ring, chequers_mini_garden
D:4:      layout_rooms, chequers_temple_overflow_minitemple,
          nicolae_grassy_gnolls, uniq_eustachio
D:5:      layout_rooms, corner_web_ring, uniq_blork_the_orc
D:6:      kennysheep_windowed_halls, layout_basic
D:7:      layout_cave_pods, nzn_overflow_gifts_of_might_and_magic,
          old_standard_altar, vehumet_crystals,
          mainiacjoe_overflow_surrounded_room, minmay_temple_entry_overgrown,
          minmay_three_doors
D:8:      layout_gridville, serial_shops, nicolae_shop_stone,
          ebering_ghost_disaster_area, uniq_maggie
D:9:      layout_basic, mainiacjoe_overflow_boulevard, serial_shops,
          nicolae_diamond_shop, serial_curves, eino_curves_01, eino_curves_01,
          enter_bailey_6, kennysheep_nondescript
D:10:     layout_roguey, kennysheep_orc_monster_closet_entryway, serial_shops,
          nicolae_diamond_shop, kennysheep_pointless_box, lemuel_flame_loot_1,
          uniq_harold
D:11:     layout_basic, david_lair_shrubbed, hangedman_decor_clover_reticule
D:12:     layout_irregular_city, uniq_nessos, uniq_fannar
D:13:     layout_gridville, david_vaults_2, gauntlet_entry_generic,
          gammafunk_ghost_abyssal_escape, pdpol_wu_jian_five_deadly_venoms
Temple:   nicolae_temple_no_exploring_needed
Lair:1:   layout_regular_city, minmay_stone_trees_medium, grunt_megastairs_1
Lair:2:   layout_regular_city
Lair:3:   layout_cave_pods, elwin_shoals_entry_stream, dummy_spider_entry,
          nicolae_quartered_pool_super, minivault_27, lemuel_fruit_tree
Lair:4:   layout_gridlike
Lair:5:   gammafunk_lair_enchanted_lake, layout_regular_city,
          ebering_ghost_funeral_grove, grunt_megastairs_5, serial_bayou_shore_b,
          infiniplex_staircase_pool_2
Lair:6:   hangedman_lair_caniforms_friends, layout_regular_city, wormcave,
          slime_altar_1, gammafunk_ghost_grave, minmay_lair_oklob_items,
          st_stairs_5, gammafunk_lair_bear_cave
Spider:1: spider_temple_joshua, gammafunk_ghost_grave, spiders_nest_hornet_nest,
          uniq_roxanne
Orc:1:    layout_diamond_mine, ebering_ghost_gozag, guppyfry_orc_lava_fort,
          uniq_erica
Orc:2:    st_orc_town, layout_caves, serial_shops, shop_statue

Skill      XL: |  1  2  3  4  5  6  7  8  9 10 11 12 13 14 15 |
---------------+----------------------------------------------+-----
Earth Magic    | 4 5 6 7 8 9 10 11 12 | 12.7
Conjurations   | 1 2 3 4 5 6 7 8 9 10 11 | 11.0
Spellcasting   | 3 4 5 6 7 8 9 |  9.8
Fighting       | 1 2 3 5 6 7 8 9 10 | 10.2
Armour         | 1 2 3 4 6 |  6.0
Maces & Flails | 1 2 3 4 5 6 7 8 9 |  9.3
Dodging        | 2 3 4 5 6 7 8 |  8.1
Evocations     | 1 2 3 4 5 6 7 8 |  8.6
Shields        | 1 3 4 |  4.0
Fire Magic     | 1 3 4 5 6 7 8 9 |  9.2
Staves         | 2 4 5 |  5.9
Stealth        | |  2.1
Transmutations | |  0.7

Action                   |  1- 3 |  4- 6 |  7- 9 | 10-12 | 13-15 | 16-18 || total
-------------------------+-------+-------+-------+-------+-------+-------++-------
Melee: Dagger            |    98 |       |    89 |       |       |       ||   187
       Unarmed           |     2 |       |       |       |       |       ||     2
       Punch             |     2 |       |     1 |     2 |     7 |       ||    12
       Mace              |    23 |    47 |    23 |       |       |       ||    93
       Long sword        |    17 |       |       |       |       |       ||    17
       Battleaxe         |       |       |    34 |   295 |       |       ||   329
       Staff             |       |       |       |   141 |   477 |       ||   618
 Cast: Sandblast         |    17 |    51 |   121 |    33 |    61 |       ||   283
       Stone Arrow       |       |       |       |   188 |   558 |     5 ||   751
       Sticky Flame      |       |       |       |    51 |   152 |     3 ||   206
       Scorch            |       |       |       |     1 |       |       ||     1
       Fireball          |       |       |       |       |    31 |       ||    31
       Iron Shot         |       |       |       |       |     8 |       ||     8
Evoke: Wand              |       |       |       |     3 |       |       ||     3
       Phial of floods   |       |       |       |       |     1 |       ||     1
  Use: Scroll            |       |       |       |    26 |     8 |       ||    34
       Potion            |       |       |       |     1 |     8 |       ||     9
 Stab: Sleeping          |     3 |     2 |     2 |       |       |       ||     7
Armor: Robe              |    49 |    31 |    59 |       |    74 |     4 ||   217
       Steam dragon scal |       |       |    25 |   169 |       |       ||   194
       Troll leather arm |       |       |       |   138 |   358 |       ||   496
Dodge: Dodged            |    97 |    57 |   134 |   401 |   513 |     6 ||  1208
Block: Buckler           |       |       |       |       |    56 |     2 ||    58

Table legend: (Time is in decaauts)
 A = Elapsed time spent in this place.
 B = Non-inter-level travel time spent in this place.
 C = Inter-level travel time spent in this place.
 D = Time resting spent in this place.
 E = Time spent auto-exploring this place.
 F = Levels seen in this place.
 G = Mean time per level.
                   A        B        C        D        E       F      G
               +--------+--------+--------+--------+--------+-----+--------+
         Total |  38354 |  35707 |   2647 |  11038 |  15613 |  25 | 1534.2 |
       Dungeon |  19031 |  17680 |   1351 |   4535 |   9458 |  13 | 1463.9 |
        Temple |     99 |     96 |      3 |      0 |      0 |   1 |   99.0 |
          Lair |  13359 |  12323 |   1036 |   3870 |   4904 |   6 | 2226.5 |
   Spider Nest |    195 |    195 |      0 |     72 |      0 |   1 |  195.0 |
  Orcish Mines |   2571 |   2314 |    257 |    451 |   1086 |   2 | 1285.5 |
        Bailey |   1874 |   1874 |      0 |   1281 |    165 |   1 | 1874.0 |
      Gauntlet |   1222 |   1222 |      0 |    829 |      0 |   1 | 1222.0 |
               +--------+--------+--------+--------+--------+-----+--------+

Top non-repeatable levels by time:
  Lair:6: 3797 daAuts
  Lair:5: 3284 daAuts
    D:10: 2457 daAuts
     D:6: 2359 daAuts
  Lair:3: 2172 daAuts
     D:7: 2068 daAuts
  Bailey: 1874 daAuts
     D:4: 1689 daAuts
   Orc:2: 1605 daAuts
     D:8: 1595 daAuts
  Lair:4: 1522 daAuts
  Lair:1: 1504 daAuts
     D:1: 1416 daAuts
    D:12: 1378 daAuts
     D:2: 1255 daAuts
